 Dungeon Crawl Stone Soup version 0.24-a0-201-gf205589 (webtiles) character file.

Game seed: 13456055691122933192

4014 Ijustatesigmund the Cleaver (level 10, -5/71 HPs)
             Began as an Octopode Gladiator on Mar 21, 2019.
             Was a Follower of Ashenzari.
             Slain by a komodo dragon (9 damage)
             ... on level 9 of the Dungeon.
             The game lasted 00:18:48 (7267 turns).

Ijustatesigmund the Cleaver (Octopode Gladiator)    Turns: 7267, Time: 00:18:49

Health: -5/71      AC:  9    Str: 19    XL:     10   Next: 23%
Magic:  21/21      EV: 18    Int: 15    God:    Ashenzari [*.....]
Gold:   187        SH:  0    Dex: 14    Spells: 6/9 levels left

rFire    . . .     SeeInvis .   a - +1 war axe
rCold    + . .     Gourm    .   (no shield)
rNeg     + + +     Faith    .   b - +1 hat
rPois    .         Spirit   .   h - amulet of regeneration
rElec    +         Reflect  .   j - +5 ring of protection
rCorr    .         Harm     .   t - ring of magical power
MR       .....                  v - ring "Baanagh" {rElec rN+++ Int+4 Dex-2 Stlth+}
Stlth    +++++.....             C - ring of protection from cold
HPRegen  0.61/turn              p - ring of stealth
MPRegen  0.17/turn              y - ring of wizardry
                                G - +2 ring of protection
                                (no ring)

@: mighty
A: almost no armour, stealthy swim, amphibious, 8 rings, constrict 8, camouflage
1, gelatinous body 1
a: Curse Item, Scrying, Renounce Religion


You were on level 9 of the Dungeon.
You worshipped Ashenzari.
Ashenzari was aware of your devotion.
You were not hungry.

You visited 2 branches of the dungeon, and saw 10 of its levels.

You collected 487 gold pieces.
You spent 300 gold pieces at shops.

Inventory:

Hand Weapons
 a - a +1 war axe (weapon)
Missiles
 c - 2 throwing nets (quivered)
Armour
 b - a +1 hat (worn)
Jewellery
 h - an amulet of regeneration (around mantle)
 j - a +5 ring of protection (left tentacle)
 p - a ring of stealth (on tentacle)
 t - a ring of magical power (right tentacle)
 v - the ring "Baanagh" (on tentacle) {rElec rN+++ Int+4 Dex-2 Stlth+}
   (You found it on level 4 of the Dungeon)

   [ring of intelligence]

   It affects your intelligence (+4).
   It affects your dexterity (-2).
   It insulates you from electricity.
   It renders you almost immune to negative energy.
   It makes you more stealthy.
 y - a ring of wizardry (on tentacle)
 C - a ring of protection from cold (on tentacle)
 G - a +2 ring of protection (on tentacle)
Wands
 q - a wand of digging (3)
 x - a wand of flame (15)
 D - a wand of polymorph (9)
 E - a wand of disintegration (23)
Scrolls
 k - a scroll of blinking
 l - 3 scrolls of magic mapping
 r - 2 scrolls of teleportation
 s - a scroll of immolation
 w - a scroll of random uselessness
 B - 2 scrolls of amnesia
 F - 2 scrolls of enchant weapon
 J - a scroll of fog
Potions
 e - a potion of flight
 f - a potion of haste
 g - 3 potions of curing
 i - 2 potions of brilliance
 m - a potion of lignification
 o - 3 potions of might
 u - 2 potions of resistance
 z - a potion of cancellation
 A - 2 potions of agility
 H - a potion of mutation {unknown}
Comestibles
 d - 20 rations
 I - 5 chunks of flesh


   Skills:
 - Level 7.6 Fighting
 - Level 9.3 Axes
 - Level 2.0 Throwing
 - Level 7.8 Dodging
 + Level 3.8 Stealth
 + Level 2.0 Conjurations
 + Level 2.0 Translocations
 + Level 2.8 Evocations


You had 6 spell levels left.
You knew the following spells:

 Your Spells              Type           Power        Failure   Level  Hunger
a - Magic Dart            Conj           #...         4%          1    ##.....
b - Blink                 Tloc           N/A          8%          2    ###....

Your spell library contained the following spells:

 Spells                   Type           Power        Failure   Level  Hunger
 Call Imp                 Summ           #.......     16%         2    ###....
 Slow                     Hex            #.......     16%         2    ###....
 Conjure Flame            Conj/Fire      #.......     21%         3    ####...
 Mephitic Cloud           Conj/Pois/Air  #.......     24%         3    ####...


Dungeon Overview and Level Annotations

Branches:
Dungeon (9/15)             Temple (1/1) D:6            Lair (0/6) D:9
    Orc: D:9-12

Altars:
Ashenzari
Cheibriados
Dithmenos
Elyvilon
Fedhas
Gozag
Hepliaklqana
Kikubaaqudgha
Makhleb
Nemelex Xobeh
Okawaru
Qazlal
Ru
Sif Muna
Trog
Uskayaw
Vehumet
Wu Jian
Xom
Yredelemnul
Zin
The Shining One
Beogh

Shops:
D:8 :

Annotations:
D:7 3 runed translucent doors, Inarius's ghost, novice DsMo


Innate Abilities, Weirdness & Mutations

You cannot wear most types of armour.
You are very stealthy in the water. (Stealth+)
You are amphibious.
You can wear up to eight rings at the same time.
You can use your tentacles to constrict eight enemies at once.
Your skin changes colour to match your surroundings (Stealth+).
Your rubbery body absorbs attacks. (AC +1, EV +1)


Message History

The komodo dragon bites you!
You are too injured to fight recklessly!
You are too injured to fight recklessly!
You are too injured to fight recklessly!
You are too injured to fight recklessly!
You are too injured to fight recklessly!
You are too injured to fight recklessly!
You are too injured to fight recklessly!
You are too injured to fight recklessly!
You are too injured to fight recklessly!
You feel very mighty all of a sudden. The komodo dragon bites you!!
* * * LOW HITPOINT WARNING * * *
You hit the komodo dragon.
The komodo dragon is heavily wounded.
The komodo dragon misses you.
You slice the komodo dragon!!
The komodo dragon is almost dead.
The komodo dragon bites you!
You die... ###### #PPPPP#

.# PPPPP..#######...#
P...P.P#...@.....#
P.>.PPP....l.....#
#####PP..PP..###########
...<#PP.P..............#
....#PPPP..P...........#
....#PPPPP.............#
....#PPP....#.........(#
#####PP.....#....#######
....##P....##....#{{


You could see a komodo dragon.

Vanquished Creatures
  2 trolls
  Grinder (D:6)
  2 hippogriffs
  A spriggan (D:7)
  Menkaure (D:4)
  2 sky beasts
  An orc warrior (D:8)
  A black bear (D:8)
  An ice beast (D:6)
  3 ogres
  2 centaurs
  The ghost of Duffy the Insei, an amateur OpTm (D:3)
  5 bullfrogs
  3 scorpions (D:8)
  3 killer bees (D:7)
  2 howler monkeys (D:4)
  4 crimson imps
  A centaur zombie (D:6)
  3 orc priests
  2 hounds
  A centaur skeleton (D:6)
  A bullfrog skeleton (D:6)
  Terence (D:3)
  7 iguanas
  4 orc wizards
  3 worker ants
  A worker ant zombie (D:5)
  13 adders
  8 gnolls (D:6)
  A howler monkey skeleton (D:5)
  2 river rats (D:3)
  7 shadow imps
  2 adder zombies
  2 worms
  A dart slug (D:3)
  4 leopard geckos
  12 orcs
  2 ball pythons (D:3)
  9 bats
  5 giant cockroaches
  8 goblins
  11 hobgoblins
  8 jackals (D:3)
  10 kobolds
  2 quokkas
  5 frilled lizards
  A leopard gecko skeleton (D:4)
  2 quokka skeletons
  7 rats
181 creatures vanquished.

Vanquished Creatures (collateral kills)
  An orc (D:8)
1 creature vanquished.

Vanquished Creatures (others)
  An orc wizard (D:7)
  A plant (D:9)
2 creatures vanquished.

Grand Total: 184 creatures vanquished

Notes
Turn   | Place    | Note
-------+----------+-------------------------------------------
     0 | D:1      | Ijustatesigmund the Octopode Gladiator began the quest for
                  | the Orb.
     0 | D:1      | Reached XP level 1. HP: 14/14 MP: 1/1
    90 | D:1      | Reached XP level 2. HP: 9/19 MP: 2/2
   669 | D:1      | Reached skill level 4 in Axes
   699 | D:1      | Reached XP level 3. HP: 24/24 MP: 3/3
  1594 | D:2      | You fall through a shaft!
  1594 | D:3      | Found a runed translucent door.
  1594 | D:3      | Noticed a bullfrog
  1595 | D:3      | Noticed Duffy's ghost (amateur OpTm)
  1615 | D:3      | Reached XP level 4. HP: 12/29 MP: 4/4
  1679 | D:2      | Reached skill level 5 in Axes
  1706 | D:2      | Reached XP level 5. HP: 28/34 MP: 5/5
  1925 | D:3      | Found a white marble altar of Elyvilon.
  1993 | D:3      | Noticed Terence
  2000 | D:3      | Killed Terence
  2067 | D:3      | Found a burning altar of Makhleb.
  2068 | D:3      | Found a shimmering altar of Xom.
  2254 | D:3      | Found a runed translucent door.
  2265 | D:3      | Reached skill level 6 in Axes
  2265 | D:3      | Reached XP level 6. HP: 32/41 MP: 6/6
  2275 | D:3      | Killed Duffy's ghost
  2491 | D:4      | Noticed Menkaure
  2500 | D:4      | Killed Menkaure
  2500 | D:4      | Reached XP level 7. HP: 28/47 MP: 7/7
  2900 | D:4      | Got a faintly glowing lapis lazuli ring
  2908 | D:4      | Identified the ring "Baanagh" {rElec rN+++ Int+4 Dex-2
                  | Stlth+} (You found it on level 4 of the Dungeon)
  2921 | D:5      | Entered Level 5 of the Dungeon
  3244 | D:5      | Reached skill level 7 in Axes
  3244 | D:5      | Reached skill level 5 in Dodging
  3292 | D:5      | Reached XP level 8. HP: 35/54 MP: 8/8
  3709 | D:6      | Reached skill level 5 in Fighting
  3743 | D:6      | Noticed a hippogriff
  3951 | D:5      | Killed a hippogriff
  4161 | D:6      | Noticed Grinder
  4179 | D:6      | Paralysed by Grinder for 5 turns
  4189 | D:6      | Killed Grinder
  4189 | D:6      | Reached skill level 8 in Axes
  4354 | D:6      | Found a shimmering altar of Xom.
  4377 | D:6      | Reached XP level 9. HP: 62/62 MP: 9/9
  4433 | D:6      | Found a staircase to the Ecumenical Temple.
  4445 | Temple   | Entered the Ecumenical Temple
  4563 | Temple   | Became a worshipper of Ashenzari the Shackled
  4818 | D:6      | Found a hazy altar of Hepliaklqana.
  4868 | D:6      | Found a radiant altar of Vehumet.
  4868 | D:6      | Found a bloodstained altar of Trog.
  4869 | D:6      | Found a sacrificial altar of Ru.
  5045 | D:7      | Noticed a troll
  5062 | D:7      | Killed a troll
  5195 | D:7      | Found a runed translucent gate.
  5195 | D:7      | Found a runed translucent gate.
  5196 | D:7      | Found a runed translucent gate.
  5198 | D:7      | Noticed Inarius's ghost (novice DsMo)
  5205 | D:7      | Identified the +16 plate armour of Xolaicea {rC- rN+++
                  | Slay+3 SInv}
  5530 | D:7      | Reached skill level 9 in Axes
  5643 | D:7      | Found a roughly hewn altar of Beogh.
  5768 | D:8      | Reached * piety under Ashenzari
  5871 | D:8      | Reached skill level 1 in Stealth
  5871 | D:8      | Reached skill level 1 in Evocations
  5886 | D:8      | Noticed a troll
  6170 | D:8      | Reached XP level 10. HP: 63/71 MP: 11/11
  6234 | D:8      | Found Wangun's Book Emporium.
  6241 | D:8      | Bought a book of Minor Magic for 300 gold pieces
  6243 | D:8      | Learned a level 1 spell: Magic Dart
  6246 | D:8      | Learned a level 2 spell: Blink
  6324 | D:8      | Reached skill level 1 in Conjurations
  6324 | D:8      | Reached skill level 1 in Translocations
  7250 | D:9      | Found a staircase to the Lair.
  7265 | D:9      | HP: 2/71 [komodo dragon (23)]
  7267 | D:9      | Slain by a komodo dragon

Levels and vault maps discovered:
D:1:      giann_horns, layout_loops_corners, grunt_decor_clamped
D:2:      layout_basic
D:3:      layout_basic, grunt_temple_overflow_champion_of_chaos,
          ebering_ghost_sewer_f, elyvilon_altar_1, uniq_terence
D:4:      layout_basic, first_ration, uniq_menkaure
D:5:      layout_loops_ring
D:6:      layout_basic, chequers_temple_overflow_statue_of_worship,
          minmay_temple_entry_purple_smoke, basic_altar, uniq_grinder
D:7:      layout_cave_pools, biasface_ghost_orc_armoury, the_bakery
D:8:      layout_loops_cross, serial_shops, nicolae_shop_stone
D:9:      layout_stronghold, david_lair_shrubbed, hiddenorc2_lemuel,
          serial_shops, shop_statue
Temple:   eino_temple_rhombus

Skill      XL: |  1  2  3  4  5  6  7  8  9 10 |
---------------+-------------------------------+-----
Axes           | 4 5 6 7 8 9 |  9.3
Fighting       | 3 4 6 7 |  7.6
Dodging        | 4 5 6 7 |  7.8
Stealth        | 2 3 |  3.8
Evocations     | 1 2 |  2.8
Conjurations   | 2 |  2.0
Translocations | 2 |  2.0
Throwing       | |  2.0

Action                   |  1- 3 |  4- 6 |  7- 9 | 10-12 || total
-------------------------+-------+-------+-------+-------++-------
Melee: War axe           |    78 |    83 |   253 |    45 ||   459
       Tentacles         |    16 |    18 |    43 |     7 ||    84
       Constrict         |    17 |    21 |    47 |     6 ||    91
Throw: Throwing net      |       |       |     3 |       ||     3
Evoke: Wand              |       |       |     3 |       ||     3
  Use: Scroll            |     6 |     3 |     8 |     2 ||    19
       Potion            |       |     1 |     6 |     1 ||     8
 Stab: Sleeping          |    16 |     1 |    21 |     8 ||    46
       Distracted        |       |       |     2 |       ||     2
       Held in net/web   |       |       |     3 |       ||     3
       Confused          |       |       |     1 |       ||     1
  Eat: Chunk             |     2 |     3 |    11 |     4 ||    20
Armor: Skin              |    12 |    13 |    54 |    12 ||    91
Dodge: Dodged            |    70 |    55 |   198 |    43 ||   366

Table legend:
 A = Non-vault XP
 B = Vault XP
 C = Vault XP percentage of total XP
 D = Non-vault monster count
 E = Vault monster count
 F = Vault count percentage of total count
                 A         B        C        D         E       F
            +---------+---------+-------+---------+---------+-------
      Total |    4762 |     973 |  17.0 |     171 |      12 |   6.6
            +---------+---------+-------+---------+---------+-------
        D:1 |      49 |       0 |   0.0 |      31 |       0 |   0.0
        D:2 |      91 |       0 |   0.0 |      14 |       0 |   0.0
        D:3 |      77 |     314 |  80.3 |      27 |       9 |  25.0
        D:4 |     211 |     172 |  44.9 |       9 |       1 |  10.0
        D:5 |     762 |       0 |   0.0 |      17 |       0 |   0.0
        D:6 |     812 |     267 |  24.7 |      29 |       1 |   3.3
        D:7 |     989 |     220 |  18.2 |      17 |       1 |   5.6
        D:8 |    1447 |       0 |   0.0 |      23 |       0 |   0.0
        D:9 |     324 |       0 |   0.0 |       4 |       0 |   0.0
            +---------+---------+-------+---------+---------+-------
